 Dungeon Crawl Stone Soup version 0.27-a0-1193-g8631133539 (webtiles) character file.

Game seed: 10671855176236411151

1133 1player the Agent of Entropy (level 8, -7/64 HPs)
             Began as a Human Wanderer on May 25, 2021.
             Was a Priest of Lugonu.
             Killed from afar by Maggie (9 damage)
             ... with a bolt of fire
             ... on level 6 of the Dungeon.
             The game lasted 00:18:51 (7451 turns).

1player the Agent of Entropy (Human Wanderer)       Turns: 7451, Time: 00:18:51

Health: -7/64      AC: 10    Str: 15    XL:     8   Next: 62%
Magic:  11/12      EV:  7    Int: 10    God:    Lugonu [***...]
Gold:   905        SH:  0    Dex: 15    Spells: 13/13 levels left

rFire    + . .     SeeInvis .   a - +1 dagger (venom)
rCold    . . .     Faith    .   (no shield)
rNeg     . . .     Spirit   .   y - +1 chain mail {rF+}
rPois    +         Reflect  .   (no helmet)
rElec    .         Harm     .   (no cloak)
rCorr    .         Rampage  .   (no gloves)
Will     .....                  (no boots)
Stlth    ..........             (no amulet)
HPRegen  0.20/turn              l - ring of poison resistance
MPRegen  0.13/turn              (no ring)

@: on berserk cooldown, slowed, very slow
A: no striking features
a: Renounce Religion, Depart the Abyss, Bend Space, Banish


You were on level 6 of the Dungeon.
You worshipped Lugonu.
Lugonu was most pleased with you.
You visited 1 branch of the dungeon, and saw 6 of its levels.
You visited the Abyss 1 time.

You collected 905 gold pieces.

Inventory:

Hand Weapons
 a - a +1 dagger of venom (weapon)
 b - a +0 hunting sling
 f - a +0 mace
 n - a +0 quarterstaff
 q - a +4 short sword
 x - a +0 war axe
Missiles
 g - 18 poisoned darts (quivered)
 k - 5 datura-tipped darts
 o - 5 curare-tipped darts
 A - 4 boomerangs
 B - 61 sling bullets
 F - 2 javelins
Armour
 d - a +0 robe
 h - a +0 ring mail
 y - a +1 chain mail of fire resistance (worn)
Jewellery
 l - a ring of poison resistance (left hand)
Wands
 C - a wand of flame (22)
 I - a wand of digging (6)
Scrolls
 c - 6 scrolls of teleportation
 G - a scroll of noise {unknown}
 H - a scroll of blinking {unknown}
 J - a scroll of identify {@r1}
Potions
 i - 2 potions of curing {@q1}
 j - 3 potions of ambrosia
 u - a potion of flight
 D - 2 potions of mutation {!q}


   Skills:
 - Level 6.0 Fighting
 - Level 1.0 Maces & Flails
 - Level 1.0 Throwing
 - Level 4.0 Armour
 + Level 3.6 Dodging
 - Level 1.5 Stealth
 - Level 3.0 Spellcasting
 - Level 6.0 Invocations
 - Level 1.0 Evocations


You had 13 spell levels left.
You didn't know any spells.
Your spell library contained the following spells:

 Spells                   Type           Power      Damage    Failure   Level
 Animate Skeleton         Necr           2%         N/A       99%         1
 Pain                     Necr           4%         1d4       99%         1
 Vampiric Draining        Necr           0%         2d6       100%        3
 Animate Dead             Necr           0%         N/A       100%        4
 Agony                    Necr           1%         N/A       100%        5


Dungeon Overview and Level Annotations

Branches:
Dungeon (6/15)
 Temple: D:4-7

Altars:
Qazlal
Sif Muna
Zin
Lugonu

Shops:
D:4 :

Annotations:
D:6 Maggie
Abyss:1 Grinder


Message History

The bolt of fire hits you! You resist.
There is a stone staircase leading up here.
You feel your anger nearly subside.
You are no longer berserk.
You are exhausted.
You feel yourself slow down. Maggie hits you but does no damage.
Space bends around you.
You hit Maggie.
Maggie is poisoned.
Maggie is lightly wounded.
Maggie barely misses you.
You barely miss Maggie.
Maggie is moderately wounded.
Maggie hits you but does no damage. Space bends around you.
Maggie hits you with a +2 long sword of distortion.
Space bends around you.
You hit Maggie.
Maggie is moderately wounded.
Maggie barely misses you.
Unknown command.
You barely miss Maggie.
Maggie is moderately wounded.
Maggie hits you with a +2 long sword of distortion!
Space warps horribly around you!
Maggie mumbles some strange words.
Maggie attempts to bespell you! You resist with almost no effort.
Unknown command.
You feel better. Maggie hits you but does no damage. Space bends around you.
You hit Maggie.
Maggie looks as sick as possible!
Maggie is moderately wounded.
Maggie barely misses you.
Maggie hits you with a +2 long sword of distortion.
Space warps horribly around you!
* * * LOW HITPOINT WARNING * * *
Space bends sharply around you!
Maggie blinks!
You blink.
Maggie gestures at you while chanting. The bolt of fire hits you! You resist.
You die...

..(....##@..#.##.#######
.......###.............#
......#######.##.##..#.#
..(...(.#........@<..#.#
......#.....#.#..#..@#.#
..(..............#...#.#
##.##....##.####.#...#.#
#(##....#.....#.#...#.#
...#....#####.#@#...#.#
....#....#...#.#.##..#†#
....#....#.....#.....#.#
##(###...###.#########.#
#(# #.>..........# #.#
#######.####.# #.# #.#
#.# ..# ... ###


You could see Maggie (very poisoned).

Vanquished Creatures
  Duvessa (D:4)
  An orc warrior (D:3)
  An ogre (D:5)
  A necrophage (D:5)
  Blork the orc (D:5)
  A bullfrog (D:4)
  Dowan (D:4)
  A jelly (D:5)
  2 hounds
  2 iguanas
  Ijyb (D:2)
  4 gnolls (D:3)
  7 adders
  A shadow imp (D:5)
  A worm (D:3)
  4 dart slugs
  8 orcs
  7 ball pythons
  8 endoplasms
  5 giant cockroaches
  8 goblins
  A hobgoblin (D:2)
  6 jackals
  6 kobolds
  5 quokkas
  5 bats
  6 frilled lizards
  4 rats
99 creatures vanquished.

Notes
Turn   | Place    | Note
-------+----------+-------------------------------------------
     0 | D:1      | 1player the Human Wanderer began the quest for the Orb.
     0 | D:1      | 1player set off with the following items: a +0 mace, a wand
                  | of flame (15), a scroll of teleportation, a +0 robe
     0 | D:1      | Reached XP level 1. HP: 18/18 MP: 4/4
   304 | D:1      | Reached XP level 2. HP: 20/24 MP: 6/6
   724 | D:1      | Found a faded altar of an unknown god.
   731 | D:1      | Became a worshipper of Lugonu the Unformed
   731 | D:1      | Reached * piety under Lugonu
   731 | D:1      | Reached ** piety under Lugonu
   948 | D:1      | Reached XP level 3. HP: 30/30 MP: 7/7
  1019 | D:1      | Reached skill level 1 in Invocations
  1520 | D:2      | Reached XP level 4. HP: 20/37 MP: 8/8
  1719 | D:2      | Reached skill level 1 in Stealth
  1989 | D:2      | Reached *** piety under Lugonu
  2513 | D:3      | Noticed Grinder
  2557 | D:3      | Noticed Ijyb
  2573 | D:2      | Killed Ijyb
  2574 | D:2      | Reached XP level 5. HP: 31/43 MP: 9/9
  3014 | D:3      | You fall into a shaft and drop 1 floor!
  3023 | D:4      | Found Ucemugoh's Book Emporium.
  3447 | D:3      | Paralysed by Grinder for 2 turns
  3455 | D:3      | Banished Grinder
  3456 | D:3      | Reached skill level 5 in Fighting
  3456 | D:3      | Reached skill level 5 in Invocations
  3456 | D:3      | Reached XP level 6. HP: 14/51 MP: 5/10
  3456 | D:3      | Reached XP level 7. HP: 15/56 MP: 5/11
  4709 | D:4      | Noticed Dowan
  4795 | D:4      | Noticed Duvessa
  4892 | D:4      | Killed Dowan
  5385 | D:4      | Killed Duvessa
  5588 | D:4      | Reached XP level 8. HP: 63/64 MP: 12/12
  5774 | D:5      | Entered Level 5 of the Dungeon
  5796 | D:5      | Identified a scroll of acquirement
  5796 | D:5      | Acquired 604 gold pieces
  6229 | D:5      | Reached skill level 1 in Dodging
  6301 | D:5      | Noticed Blork the orc
  6319 | D:5      | Killed Blork the orc
  6319 | D:5      | Reached **** piety under Lugonu
  6582 | D:5      | Found a shimmering blue altar of Sif Muna.
  6664 | D:5      | Found a glowing silver altar of Zin.
  6672 | D:5      | Found a stormy altar of Qazlal.
  7049 | D:6      | Noticed Maggie
  7075 | D:6      | Cast into level 2 of the Abyss (Maggie)
  7107 | Abyss:2  | Noticed a raiju
  7107 | Abyss:2  | Noticed a raiju
  7107 | Abyss:2  | Noticed a raiju
  7107 | Abyss:2  | Noticed a raiju
  7108 | D:6      | Escaped the Abyss
  7448 | D:6      | HP: 3/64 [Maggie/+2 long sword of distortion (17)]
  7451 | D:6      | Killed from afar by Maggie

Illustrated notes

Levels and vault maps discovered:
D:1:      eino_arrival_water_star, layout_loops_ring,
          shapermc_ecumenical_altar_totnotflames
D:2:      layout_loops_ring, minmay_bisected
D:3:      layout_loops_ring, uniq_ijyb, uniq_grinder
D:4:      layout_layer_cave, serial_shops, kennysheep_little_box, uniq_duvessa
D:5:      layout_rooms, overflow_temple_1_default, tgw_sif, lemuel_doored_altar,
          hangedman_decor_growths, st_stairs_1
D:6:      layout_basic, lemuel_round_altar, general_overflow_altar,
          uniq_blork_the_orc, uniq_edmund, uniq_maggie

Skill      XL: |  1  2  3  4  5  6  7  8 |
---------------+-------------------------+-----
Invocations    | 2 5 6 |  6.0
Fighting       | 4 5 6 |  6.0
Stealth        | 1 |  1.5
Armour         | 2 4 |  4.0
Dodging        | 3 |  3.6
Maces & Flails | |  1.0
Throwing       | |  1.0
Spellcasting   | |  3.0
Evocations     | |  1.0

Action                   |  1- 3 |  4- 6 |  7- 9 || total
-------------------------+-------+-------+-------++-------
Melee: Dagger            |    68 |   141 |   101 ||   310
 Fire: Hunting sling     |       |       |    91 ||    91
Invok: Bend Space        |     1 |       |     2 ||     3
       Banish            |       |     1 |       ||     1
       Depart the Abyss  |       |       |     1 ||     1
Evoke: Wand              |       |     4 |       ||     4
  Use: Scroll            |       |       |     7 ||     7
       Potion            |       |       |     7 ||     7
 Stab: Sleeping          |     1 |     1 |       ||     2
Armor: Robe              |     3 |       |       ||     3
       Ring mail         |    16 |    50 |    10 ||    76
       Chain mail        |       |       |    57 ||    57
Dodge: Dodged            |    34 |    74 |    63 ||   171

Table legend: (Time is in decaauts)
 A = Elapsed time spent in this place.
 B = Non-inter-level travel time spent in this place.
 C = Inter-level travel time spent in this place.
 D = Time resting spent in this place.
 E = Time spent auto-exploring this place.
 F = Levels seen in this place.
 G = Mean time per level.
                   A        B        C        D        E       F      G
               +--------+--------+--------+--------+--------+-----+--------+
         Total |   7473 |   6902 |    571 |   2607 |   2329 |   7 | 1067.6 |
       Dungeon |   7440 |   6869 |    571 |   2607 |   2329 |   6 | 1240.0 |
         Abyss |     32 |     32 |      0 |      0 |      0 |   1 |   32.0 |
               +--------+--------+--------+--------+--------+-----+--------+

Top non-repeatable levels by time:
     D:3: 1831 daAuts
     D:1: 1425 daAuts
     D:2: 1359 daAuts
     D:5: 1343 daAuts
     D:4: 1327 daAuts
     D:6: 153 daAuts
 Abyss:2: 32 daAuts
